 Dungeon Crawl Stone Soup version 0.31-a0-232-gb1c03b2570 (webtiles) character file.

Game seed: 15118320083690649249

380 qw the Shooter (level 6, -4/37 HPs)
             Began as a Gargoyle Hexslinger on July 7, 2023.
             Blown up by Ijyb (11 damage)
             ... with a mindburst bolt
             ... on level 3 of the Dungeon.
             The game lasted 00:01:14 (2803 turns).

qw the Shooter (Gargoyle Hexslinger)                Turns: 2803, Time: 00:01:15

Health: -4/37      AC: 10    Str: 11    XL:     6   Next: 75%
Magic:  7/7        EV: 11    Int: 14    God:
Gold:   81         SH:  0    Dex: 14    Spells: 6/7 levels left

rFire   . . .        Y - +3 sling
rCold   . . .        (no shield)
rNeg    + . .        g - +0 leather armour
rPois   inf          e - +1 helmet
rElec   +            (no cloak)
rCorr   .            b - +0 pair of gloves
SInv    .            (no boots)
Will    .....        (no amulet)
Stlth   +            (no ring)
HPRegen 0.26/turn    (no ring)
MPRegen 0.10/turn

%: no passive effects
@: no status effects
A: sickness immunity, AC +4, negative energy resistance 1, electricity
resistance, torment resistance 1, petrification resistance
a: no special abilities


You were on level 3 of the Dungeon.
You visited 1 branch of the dungeon, and saw 3 of its levels.

You collected 81 gold pieces.


Innate Abilities, Weirdness & Mutations

You are immune to sickness and miasma.
Your stone body is resilient. (AC +4)
You are immune to poison.
You resist negative energy. (rN+)
You are resistant to electric shocks. (rElec)
You are resistant to unholy torment.
You are immune to petrification.


   Skills:
 + Level 3.0 Fighting
 - Level 6.3 Ranged Weapons
 - Level 1.0 Armour
 - Level 1.5 Dodging
 - Level 1.0 Spellcasting
 - Level 2.6 Hexes


You had 6 spell levels left.
You knew the following spells:

 Your Spells              Type           Power      Damage    Failure   Level
a - Slow                  Hex            32%        N/A       12%         1

Your spell library contained the following spells:

 Spells                   Type           Power      Damage    Failure   Level
 Inner Flame              Hex/Fire       4%         N/A       52%         3
 Portal Projectile        Hex/Tloc       8%         N/A       52%         3
 Cause Fear               Hex            4%         N/A       75%         4

Inventory:

Hand Weapons
 Y - a +3 sling (weapon)
Armour
 b - a +0 pair of gloves (worn)
 e - a +1 helmet (worn)
 g - a +0 leather armour (worn)
 k - a +0 ring mail
Jewellery
 h - an amulet of reflection
 l - an amulet of the acrobat
Scrolls
 c - a scroll of identify
 j - a scroll of enchant armour {unknown}
Potions
 a - a potion of might
 d - a potion of curing
 f - a potion of resistance
 i - 2 potions of degeneration {unknown}

Dungeon Overview and Level Annotations

Branches:
Dungeon (3/15)

Altars:

Annotations:
D:1 exclusion: gnoll
D:3 Ijyb


Message History

Enter note:
Enter note: You shoot a sling bullet.
The sling bullet hits Ijyb.
Ijyb is lightly wounded.
You shoot a sling bullet.
The sling bullet hits Ijyb but does no damage.
Ijyb is lightly wounded.
You shoot a sling bullet. The sling bullet closely misses Ijyb.
Ijyb barely misses you.
You shoot a sling bullet.
The sling bullet completely misses Ijyb.
Ijyb hits you but does no damage.
You shoot a sling bullet. The sling bullet hits Ijyb.
Ijyb is moderately wounded.
Ijyb misses you.
You shoot a sling bullet. The sling bullet barely misses Ijyb.
Ijyb closely misses you.
Ijyb zaps a wand.
Your mind is blasted!
You shoot a sling bullet.
The sling bullet hits Ijyb but does no damage.
Ijyb is moderately wounded.
Ijyb zaps a wand.
Your mind is blasted!
You shoot a sling bullet. The sling bullet barely misses Ijyb.
Ijyb misses you.
You shoot a sling bullet.
The sling bullet hits Ijyb but does no damage.
Ijyb is moderately wounded.
Ijyb closely misses you.
You shoot a sling bullet. The sling bullet barely misses Ijyb.
Ijyb hits you but does no damage.
You shoot a sling bullet. The sling bullet hits Ijyb.
Ijyb is moderately wounded.
Ijyb barely misses you.
You shoot a sling bullet. The sling bullet hits Ijyb.
Ijyb is heavily wounded.
Ijyb hits you but does no damage.
You shoot a sling bullet.
The sling bullet hits Ijyb but does no damage.
Ijyb is heavily wounded.
Ijyb zaps a wand.
Your mind is blasted!
Ijyb zaps a wand.
Your mind is blasted!
You die...

.###......##.# #...# #.#..#
.###########.#######...####.#..#
.'..........<...............)..#
.####################...####..###
...# .. #.<.#........ %..#####.#
#. #.#.#.####### .........# #.
#.#.#.##....#
###############.#####.#.#.##.##.#
....... .......@..##.#.#.##.#...
####### ######g#.###.#.#.##.#..#
##..... #.#.# #.#.#....#..# ...#
..#.# #.#.######..# ####
.#.#.###.#.######... .....
#.#.#.)...#........## ..... #
###.###.########## ##### #.# #.#
### ###


You could see Ijyb.

Vanquished Creatures
  Sigmund (D:2)
  An orc wizard (D:3)
  Robin (D:2)
  5 gnolls
  4 adders
  2 dart slugs
  4 orcs (D:3)
  4 endoplasms
  3 giant cockroaches
  14 goblins
  9 hobgoblins
  2 jackals (D:1)
  3 quokkas
  7 ball pythons
  7 bats
  6 frilled lizards
  5 kobolds
  5 rats
83 creatures vanquished.

Notes
Turn   | Place    | Note
-------+----------+-------------------------------------------
     0 | D:1      | qw the Gargoyle Hexslinger began the quest for the Orb.
     0 | D:1      | Reached XP level 1. HP: 12/12 MP: 2/2
     0 | D:1      | 0 ||| qw: Version: 0.3-a-46-gb1f654a
     0 | D:1      | 0 ||| qw: Game counter: 2720
     0 | D:1      | 0 ||| qw: Melee chars always use a shield: true
     0 | D:1      | 0 ||| qw: God list: Okawaru
     0 | D:1      | 0 ||| qw: Allow faded altars: false
     0 | D:1      | 0 ||| qw: Do Orc after clearing Dungeon:15 true
     0 | D:1      | 0 ||| qw: Do second Lair branch before Depths: true
     0 | D:1      | 0 ||| qw: Lair rune preference: random
     0 | D:1      | 0 ||| qw: Goals: Normal
     0 | D:1      | 0 ||| PLANNING D:1-11
   128 | D:1      | 128 ||| DROPPING ring of flight.
   131 | D:1      | HP: 3/12 [gnoll/+0 spear (4)]
   132 | D:1      | HP: 1/12 [gnoll/+0 spear (2)]
   135 | D:1      | Reached skill level 3 in Ranged Weapons
   135 | D:1      | Reached XP level 2. HP: 3/16 MP: 3/3
   192 | D:1      | 192 ||| DROPPING scroll of poison.
   274 | D:1      | Reached XP level 3. HP: 21/21 MP: 4/4
   941 | D:1      | 941 ||| UPGRADING to +0 leather armour.
   951 | D:1      | 951 ||| DROPPING +0 robe.
   952 | D:1      | 952 ||| READING 2 scrolls labelled ZUIBRI QOELEO.
   953 | D:1      | 953 ||| READING scroll of enchant weapon.
   953 | D:1      | 953 ||| ENCHANTING +2 sling.
   954 | D:1      | 954 ||| READING 2 scrolls labelled LIMEVI SIJODD.
   955 | D:1      | 955 ||| READING scroll labelled OTUIMO PAELA.
   956 | D:1      | 956 ||| READING scroll labelled DYPSEUJIER.
   959 | D:1      | 959 ||| READING scroll labelled UCESMU LURCH.
   960 | D:1      | 960 ||| DRINKING 2 bubbling inky potions.
   961 | D:1      | 961 ||| DROPPING scroll of fog.
  1157 | D:2      | Reached XP level 4. HP: 26/26 MP: 5/5
  1187 | D:2      | Noticed Robin
  1192 | D:2      | 1192 ||| Stepping ~*~*~tactically~*~*~ (outnumbered).
  1201 | D:2      | Killed Robin
  1202 | D:2      | Reached skill level 4 in Ranged Weapons
  1295 | D:2      | 1295 ||| Stepping ~*~*~tactically~*~*~ (outnumbered).
  1300 | D:2      | HP: 5/26 [gnoll/+0 halberd (10)]
  1301 | D:2      | 1301 ||| READING scroll of teleportation.
  1302 | D:2      | 1302 ||| DRINKING potion of heal wounds.
  1328 | D:2      | 1328 ||| FLEEEEING.
  1329 | D:2      | 1329 ||| FLEEEEING.
  1339 | D:2      | HP: 6/26 [gnoll/+0 spear (1)]
  1344 | D:2      | HP: 2/26 [gnoll/+0 spear (2)]
  1349 | D:2      | Reached XP level 5. HP: 2/30 MP: 6/6
  1479 | D:2      | Noticed Sigmund
  1488 | D:2      | Killed Sigmund
  1489 | D:2      | Reached skill level 6 in Ranged Weapons
  1489 | D:2      | Reached XP level 6. HP: 26/35 MP: 7/7
  1503 | D:2      | 1503 ||| FLEEEEING.
  1518 | D:2      | 1518 ||| FLEEEEING.
  1974 | D:2      | 1974 ||| UPGRADING to +0 pair of gloves.
  1979 | D:2      | 1979 ||| UPGRADING to +1 helmet.
  1984 | D:2      | 1984 ||| READING 2 scrolls of identify.
  1984 | D:2      | 1984 ||| IDENTIFYING cyan potion
  2243 | D:3      | 2243 ||| Stepping ~*~*~tactically~*~*~ (outnumbered).
  2251 | D:3      | Reached skill level 3 in Fighting
  2254 | D:3      | 2254 ||| FLEEEEING.
  2257 | D:3      | 2257 ||| FLEEEEING.
  2258 | D:3      | 2258 ||| FLEEEEING.
  2259 | D:3      | 2259 ||| FLEEEEING.
  2260 | D:3      | 2260 ||| FLEEEEING.
  2261 | D:3      | 2261 ||| FLEEEEING.
  2262 | D:3      | 2262 ||| FLEEEEING.
  2263 | D:3      | 2263 ||| FLEEEEING.
  2681 | D:3      | Reached skill level 1 in Armour
  2790 | D:3      | Noticed Ijyb
  2797 | D:3      | HP: 9/37 [disintegration (14)]
  2803 | D:3      | HP: 7/37 [disintegration (4)]
  2803 | D:3      | Blown up by Ijyb

Levels and vault maps discovered:
D:1:      dpeg_arrival_rhombi, layout_basic
D:2:      layout_loops_ring, uniq_robin, uniq_sigmund
D:3:      layout_basic, uniq_ijyb

Skill      XL: |  1  2  3  4  5  6 |
---------------+-------------------+-----
Ranged Weapons | 3 4 6 |  6.3
Fighting       | 2 3 |  3.0
Armour         | 1 |  1.0
Dodging        | |  1.5
Spellcasting   | |  1.0
Hexes          | |  2.6

Action                     |  1- 3 |  4- 6 || total
---------------------------+-------+-------++-------
   Fire: Sling             |   105 |   187 ||   292
    Use: Scroll            |     6 |     2 ||     8
         Potion            |     1 |     1 ||     2
 Armour: Robe              |    14 |       ||    14
         Leather armour    |     3 |    40 ||    43
  Dodge: Dodged            |    47 |    56 ||   103

Table legend:
 A = Non-vault XP
 B = Vault XP
 C = Vault XP percentage of total XP
 D = Non-vault monster count
 E = Vault monster count
 F = Vault count percentage of total count
                 A         B        C        D         E       F
            +---------+---------+-------+---------+---------+-------
      Total |     267 |     277 |  50.9 |      70 |      13 |  15.7
            +---------+---------+-------+---------+---------+-------
        D:1 |      62 |       0 |   0.0 |      30 |       0 |   0.0
        D:2 |     122 |     277 |  69.4 |      21 |      13 |  38.2
        D:3 |      83 |       0 |   0.0 |      19 |       0 |   0.0
            +---------+---------+-------+---------+---------+-------
